 Dungeon Crawl Stone Soup version 0.24-a0-7-g1bb0902 (webtiles) character file.

Game seed: 10236392418983283161

663 Lavandula the Slinger (level 7, -11/42 HPs)
             Began as a Halfling Arcane Marksman on Jan 30, 2019.
             Was an Initiate of Cheibriados.
             Mangled by an orc warrior
             ... wielding a +0 long sword
              (15 damage)
             ... on level 5 of the Dungeon.
             The game lasted 00:20:19 (3029 turns).

Lavandula the Slinger (Halfling Arcane Marksman)    Turns: 3029, Time: 00:20:20

Health: -11/42     AC:  7    Str: 19      XL:     7   Next: 87%
Magic:  8/8        EV: 14    Int: 12      God:    Cheibriados [......]
Gold:   246        SH:  0    Dex: 12 (16) Spells: 3/8 levels left

rFire    + + .     SeeInvis .   a - +0 hunting sling
rCold    + . .     Gourm    .   (shield restricted)
rNeg     . . .     Faith    .   p - +2 leather armour {rPois}
rPois    +         Spirit   .   e - +2 hat
rElec    +         Reflect  .   (no cloak)
rCorr    +         Harm     .   (no gloves)
MR       .....                  (no boots)
Stlth    +.........             (no amulet)
HPRegen  0.14/turn              m - ring of protection from fire
MPRegen  0.11/turn              (no ring)

@: mighty, resistant, flying, very slow
A: small, mutation resistance 1
a: Bend Time, Renounce Religion


You were on level 5 of the Dungeon.
You worshipped Cheibriados.
Cheibriados was noncommittal.
You were not hungry.

You visited 2 branches of the dungeon, and saw 6 of its levels.

You collected 246 gold pieces.

Inventory:

Hand Weapons
 a - a +0 hunting sling (weapon)
 z - the +5 short sword of Fortitude {venom, Str-4 Int+4 Dex+5}
   (You took it off an orc on level 5 of the Dungeon)

   It poisons the flesh of those it strikes.
   It affects your strength (-4).
   It affects your intelligence (+4).
   It affects your dexterity (+5).
Missiles
 r - 15 poisoned needles
 t - 19 stones (quivered)
Armour
 b - a +0 ring mail
 e - a +2 hat (worn)
 p - a +2 leather armour of poison resistance (worn)
Jewellery
 m - a ring of protection from fire (left hand)
Wands
 i - a wand of flame (8)
Scrolls
 g - 5 scrolls of identify {unknown}
 h - a scroll of noise {unknown}
 j - 2 scrolls of teleportation {unknown}
 l - a scroll of fog {unknown}
 o - 2 scrolls of remove curse {unknown}
 q - 2 scrolls of magic mapping {unknown}
 u - a scroll of blinking {unknown}
 y - a scroll of fear {unknown}
Potions
 n - a potion of brilliance {unknown}
Comestibles
 f - 7 rations
 x - 5 chunks of flesh


   Skills:
 - Level 0.8 Fighting
 + Level 10.9 Slings
 - Level 2.1 Dodging
 - Level 2.1 Unarmed Combat
 - Level 1.0 Spellcasting
 - Level 2.4 Hexes


You had 3 spell levels left.
You knew the following spells:

 Your Spells              Type           Power        Failure   Level  Hunger
a - Corona                Hex            #......      14%         1    ##.....
b - Confusing Touch       Hex            #.....       14%         1    ##.....
c - Animate Skeleton      Necr           N/A          34%         1    ##.....
d - Apportation           Tloc           #.....       34%         1    ##.....
e - Summon Small Mammal   Summ           #...         34%         1    ##.....

Your spell library contained the following spells:

 Spells                   Type           Power        Failure   Level  Hunger
 Slow                     Hex            #.......     21%         2    ###....
 Confuse                  Hex            #.......     38%         3    ####...
 Inner Flame              Hex/Fire       #.......     54%         3    ####...
 Portal Projectile        Hex/Tloc       #.....       54%         3    ####...
 Gell's Gravitas          Tloc           #.........   71%         3    ####...
 Cause Fear               Hex            #.........   80%         4    #####..
 Leda's Liquefaction      Hex/Erth       #.........   91%         4    #####..
 Petrify                  Tmut/Erth      #.......     98%         4    #####..
 Metabolic Englaciation   Hex/Ice        #.........   99%         5    ######.
 Yara's Violent Unravell  Hex/Tmut       #.........   99%         5    ######.


Dungeon Overview and Level Annotations

Branches:
Dungeon (5/15)             Temple (1/1) D:5

Altars:
Cheibriados
Dithmenos
Elyvilon
Gozag
Hepliaklqana
Kikubaaqudgha
Qazlal
Ru
Sif Muna
Trog
Uskayaw
Vehumet
Wu Jian
Xom
Yredelemnul
Zin
The Shining One

Shops:
D:2 *

Annotations:
D:2 Natasha, Sigmund
D:3 poirepourri's ghost, amateur SpEn
D:4 Pikel


Innate Abilities, Weirdness & Mutations

You are small and have problems with some larger weapons.
You are somewhat resistant to further mutation.


Message History

Firing (i - inventory)
t - 22 stones (quivered)
Press: ? - help, Shift-Dir - straight line, f/p - orc warrior
Aim: an orc warrior, wielding a +0 long sword and wearing a +0 plate armour (heavily wounded)
You shoot a stone. The stone hits the orc warrior!
The orc warrior is almost dead.
Firing (i - inventory)
t - 21 stones (quivered)
Press: ? - help, Shift-Dir - straight line, f/p - orc warrior
Aim: an orc warrior, wielding a +0 long sword and wearing a +0 plate armour (almost dead)
You shoot a stone.
The stone barely misses the orc warrior.
The orc warrior hits you with a +0 long sword!
* * * LOW HITPOINT WARNING * * *
Firing (i - inventory)
t - 20 stones (quivered)
Press: ? - help, Shift-Dir - straight line, f/p - orc warrior
Aim: an orc warrior, wielding a +0 long sword and wearing a +0 plate armour (almost dead)
You shoot a stone.
The stone hits the orc warrior but does no damage.
The orc warrior is almost dead.
The orc warrior hits you with a +0 long sword!
You die...

####........## #...#
#
..(.(....#...##....#
...(....###.....#..#
........###.>..#...#
(....())##..).## .#
.....(##(##...#
....( ##.##..# ...(
##..#.## ..) ##..o@#
(( #.##...# .
#.###### ###


You could see an orc warrior.

Vanquished Creatures
  2 ogres
  3 quasits (D:3)
  5 orc priests
  An orc wizard (D:4)
  Natasha (twice) (D:2)
  7 gnolls
  5 adders
  2 leopard geckos
  16 orcs
  A ball python (D:3)
  3 giant cockroaches
  3 goblins
  9 hobgoblins
  6 bats
  5 frilled lizards
  A jackal skeleton (D:4)
  5 kobolds (D:3)
  A leopard gecko skeleton (D:4)
  2 rats
79 creatures vanquished.

Vanquished Creatures (collateral kills)
  A worm (D:4)
  A leopard gecko (D:3)
  A kobold (D:3)
3 creatures vanquished.

Grand Total: 82 creatures vanquished

Notes
Turn   | Place    | Note
-------+----------+-------------------------------------------
     0 | D:1      | Lavandula the Halfling Arcane Marksman began the quest for
                  | the Orb.
     0 | D:1      | Reached XP level 1. HP: 12/12 MP: 2/2
    89 | D:1      | Reached XP level 2. HP: 8/18 MP: 3/3
   115 | D:1      | Reached skill level 4 in Slings
   203 | D:2      | Reached XP level 3. HP: 17/22 MP: 4/4
   208 | D:2      | Reached skill level 5 in Slings
   391 | D:2      | Learned a level 1 spell: Confusing Touch
   466 | D:2      | Noticed Natasha
   476 | D:2      | Killed Natasha
   476 | D:2      | Reached skill level 1 in Unarmed Combat
   476 | D:2      | Reached XP level 4. HP: 13/27 MP: 5/5
   626 | D:2      | Found Zin's Purification Station.
   638 | D:2      | Found a glowing silver altar of Zin.
   764 | D:2      | Noticed Natasha
   767 | D:2      | Found a deep blue altar of Sif Muna.
   797 | D:3      | Reached XP level 5. HP: 31/32 MP: 6/6
   807 | D:3      | Reached skill level 6 in Slings
   953 | D:2      | Killed Natasha
  1044 | D:2      | Learned a level 1 spell: Animate Skeleton
  1046 | D:2      | Learned a level 1 spell: Apportation
  1060 | D:2      | Reached skill level 7 in Slings
  1105 | D:2      | Noticed Sigmund
  1117 | D:2      | Noticed Natasha
  1425 | D:3      | Reached XP level 6. HP: 37/37 MP: 7/7
  1742 | D:3      | Reached skill level 8 in Slings
  1839 | D:3      | Noticed poirepourri's ghost (amateur SpEn)
  2036 | D:3      | Found a transporter.
  2060 | D:3      | Found a transporter.
  2156 | D:3      | Reached skill level 9 in Slings
  2156 | D:3      | Reached XP level 7. HP: 15/42 MP: 8/8
  2177 | D:3      | Learned a level 1 spell: Summon Small Mammal
  2516 | D:4      | Reached skill level 10 in Slings
  2551 | D:4      | Found a white marble altar of Elyvilon.
  2746 | D:4      | Noticed Pikel
  2772 | D:5      | Entered Level 5 of the Dungeon
  2918 | D:5      | Found a staircase to the Ecumenical Temple.
  2925 | Temple   | Entered the Ecumenical Temple
  2946 | Temple   | Became a worshipper of Cheibriados the Contemplative
  2962 | D:5      | Identified the +5 short sword of Fortitude {venom, Str-4
                  | Int+4 Dex+5}
  3029 | D:5      | Mangled by an orc warrior

Vault maps used:
D:1:      elethiomel_arrival_shortcut
D:2:      zin_purify, nicolae_overflow_hidden_temple, uniq_natasha, uniq_sigmund
D:3:      gammafunk_ghost_stat_death
D:4:      overflow_temple_1_default, old_standard_altar, first_ration,
          serial_park_tiny_1, grunt_ministairs_3, minivault_4,
          palyth_stone_intersect, uniq_pikel
D:5:      marbit_many_paths, lemuel_round_altar, minmay_temple_entry_wispy
Temple:   eino_temple_lava

Skill      XL: |  1  2  3  4  5  6  7 |
---------------+----------------------+-----
Slings         | 4 5 7 9 10 | 10.9
Unarmed Combat | 1 2 |  2.1
Fighting       | |  0.8
Dodging        | |  2.1
Spellcasting   | |  1.0
Hexes          | |  2.4

Action                   |  1- 3 |  4- 6 |  7- 9 || total
-------------------------+-------+-------+-------++-------
Melee: Hunting sling     |       |       |     1 ||     1
 Fire: Hunting sling     |    83 |   173 |   105 ||   361
 Cast: Corona            |     5 |     2 |     5 ||    12
       Animate Skeleton  |       |     5 |     5 ||    10
       Summon Small Mamm |       |       |     4 ||     4
Evoke: Wand              |       |       |     8 ||     8
  Use: Potion            |       |     2 |     5 ||     7
  Eat: Chunk             |       |     4 |     3 ||     7
Armor: Ring mail         |    27 |     5 |       ||    32
       Leather armour    |       |   116 |     9 ||   125
Dodge: Dodged            |    58 |   175 |    23 ||   256

Table legend:
 A = Non-vault XP
 B = Vault XP
 C = Vault XP percentage of total XP
 D = Non-vault monster count
 E = Vault monster count
 F = Vault count percentage of total count
                 A         B        C        D         E       F
            +---------+---------+-------+---------+---------+-------
      Total |     786 |     162 |  17.1 |      78 |       4 |   4.9
            +---------+---------+-------+---------+---------+-------
        D:1 |      21 |       0 |   0.0 |      11 |       0 |   0.0
        D:2 |     154 |      33 |  17.6 |      17 |       1 |   5.6
        D:3 |     189 |     129 |  40.6 |      29 |       3 |   9.4
        D:4 |     240 |       0 |   0.0 |      12 |       0 |   0.0
        D:5 |     182 |       0 |   0.0 |       9 |       0 |   0.0
            +---------+---------+-------+---------+---------+-------
